 Dungeon Crawl Stone Soup version 0.26-a0-651-gb41185065b (webtiles) character file.

Game seed: 10508860827567078312

205 sahdkjhfkaj the Ducker (level 5, -2/70 HPs)
             Began as a Gnoll Monk on Sept 28, 2020.
             Slain by Crazy Yiuf
             ... wielding a +3 quarterstaff of chaos
              (4 damage)
             ... while petrified by Crazy Yiuf
             ... on level 2 of the Dungeon.
             The game lasted 00:01:42 (750 turns).

sahdkjhfkaj the Ducker (Gnoll Monk)                  Turns: 750, Time: 00:01:42

Health: -2/70      AC:  3    Str: 14    XL:     5   Next: 83%
Magic:  4/7        EV:  2    Int: 13    God:
Gold:   65         SH:  0    Dex: 17    Spells: 7/7 levels left

rFire    . . .     SeeInvis .   a - +0 hand axe
rCold    . . .     Faith    .   (no shield)
rNeg     + + +     Spirit   .   g - +0 leather armour
rPois    ∞         Reflect  .   (no helmet)
rElec    .         Harm     .   (no cloak)
rCorr    .         Rampage  .   (no gloves)
MR       .....                  (no boots)
Stlth    ..........             (no amulet)
HPRegen  0.21/turn              (no ring)
MPRegen  0.10/turn              (no ring)

@: berserking, petrified, lightly drained
A: distributed training, fangs 1, strong nose
a: no special abilities


You were on level 2 of the Dungeon.
You visited 1 branch of the dungeon, and saw 2 of its levels.

You collected 65 gold pieces.

Inventory:

Hand Weapons
 a - a +0 hand axe (weapon)
Armour
 g - a +0 leather armour (worn)
Scrolls
 c - 3 scrolls of identify
 d - a scroll of remove curse {unknown}
 e - a scroll of blinking
 f - 2 scrolls of enchant armour
Potions
 b - a potion of heal wounds {unknown}


   Skills:
 + Level 6.7(6.4) Fighting
 + Level 1.6(1.4) Short Blades
 + Level 1.6(1.4) Long Blades
 + Level 6.7(6.4) Axes
 + Level 1.6(1.4) Maces & Flails
 + Level 1.6(1.4) Polearms
 + Level 1.6(1.4) Staves
 + Level 1.6(1.4) Slings
 + Level 1.6(1.4) Bows
 + Level 1.6(1.4) Crossbows
 + Level 1.6(1.4) Throwing
 + Level 1.6(1.4) Armour
 + Level 6.7(6.4) Dodging
 + Level 4.5(4.2) Stealth
 + Level 1.6(1.4) Shields
 + Level 1.6(1.4) Unarmed Combat
 + Level 1.6(1.4) Spellcasting
 + Level 1.3(1.0) Conjurations
 + Level 1.3(1.0) Hexes
 + Level 1.3(1.0) Summonings
 + Level 1.3(1.0) Necromancy
 + Level 1.3(1.0) Translocations
 + Level 1.3(1.0) Transmutations
 + Level 1.3(1.0) Fire Magic
 + Level 1.3(1.0) Ice Magic
 + Level 1.3(1.0) Air Magic
 + Level 1.3(1.0) Earth Magic
 + Level 1.3(1.0) Poison Magic
 + Level 1.9(1.6) Invocations
 + Level 1.6(1.4) Evocations


You had 7 spell levels left.
You didn't know any spells.
Your spell library was empty.

Dungeon Overview and Level Annotations

Branches:
Dungeon (2/15)

Altars:

Annotations:
D:2 Crazy Yiuf


Innate Abilities, Weirdness & Mutations

Your experience applies equally to all skills.
You have very sharp teeth.
Your uncanny sense of smell can sniff out nearby items.


Message History

Crazy Yiuf hits you with a +3 quarterstaff of chaos.
Crazy Yiuf freezes you.
Your limbs are stiffening.
Unknown command.
You barely miss Crazy Yiuf.
Crazy Yiuf is almost dead.
Crazy Yiuf hits you with a +3 quarterstaff of chaos!
* * * LOW HITPOINT WARNING * * *
You have turned to stone.
Crazy Yiuf yells, "Cake!"
Crazy Yiuf hits you with a +3 quarterstaff of chaos!
* * * LOW HITPOINT WARNING * * *
A red film seems to cover your vision as you go berserk!
You feel yourself moving faster!
You feel mighty!
Crazy Yiuf hits you with a +3 quarterstaff of chaos.
* * * LOW HITPOINT WARNING * * *
Crazy Yiuf freezes you.
Crazy Yiuf hits you with a +3 quarterstaff of chaos!
* * * LOW HITPOINT WARNING * * *
You are electrocuted!
You die...

#####
#..)#
#...# ∆
... #g#
♣♣@♣
♣.♣♣
♣♣.♣ .#.
.# ♣.♣♣
.#.. ..
♣♣.♣♣
... .#
♣...♣♣
..# .#
♣....♣
#.# .#
#....#
#####.#
.#
##....##
#


You could see Crazy Yiuf.

Vanquished Creatures
  Sigmund (D:2)
  Terence (D:2)
  A ball python (D:1)
  A giant cockroach (D:1)
  4 goblins
  A hobgoblin (D:1)
  4 jackals (D:1)
  3 kobolds (D:1)
  A quokka (D:2)
  3 bats (D:1)
  2 frilled lizards
  4 rats (D:1)
26 creatures vanquished.

Notes
Turn   | Place    | Note
-------+----------+-------------------------------------------
     0 | D:1      | sahdkjhfkaj the Gnoll Monk began the quest for the Orb.
     0 | D:1      | Reached XP level 1. HP: 23/23 MP: 1/1
    89 | D:1      | Reached XP level 2. HP: 29/29 MP: 2/2
   581 | D:2      | Noticed Sigmund
   587 | D:2      | Killed Sigmund
   587 | D:2      | Reached skill level 1 in Short Blades
   587 | D:2      | Reached skill level 1 in Long Blades
   587 | D:2      | Reached skill level 1 in Maces & Flails
   587 | D:2      | Reached skill level 1 in Polearms
   587 | D:2      | Reached skill level 1 in Staves
   587 | D:2      | Reached skill level 1 in Slings
   587 | D:2      | Reached skill level 1 in Bows
   587 | D:2      | Reached skill level 1 in Crossbows
   587 | D:2      | Reached skill level 1 in Throwing
   587 | D:2      | Reached skill level 1 in Armour
   587 | D:2      | Reached skill level 1 in Shields
   587 | D:2      | Reached skill level 1 in Unarmed Combat
   587 | D:2      | Reached skill level 1 in Spellcasting
   587 | D:2      | Reached skill level 1 in Conjurations
   587 | D:2      | Reached skill level 1 in Hexes
   587 | D:2      | Reached skill level 1 in Summonings
   587 | D:2      | Reached skill level 1 in Necromancy
   587 | D:2      | Reached skill level 1 in Translocations
   587 | D:2      | Reached skill level 1 in Transmutations
   587 | D:2      | Reached skill level 1 in Fire Magic
   587 | D:2      | Reached skill level 1 in Ice Magic
   587 | D:2      | Reached skill level 1 in Air Magic
   587 | D:2      | Reached skill level 1 in Earth Magic
   587 | D:2      | Reached skill level 1 in Poison Magic
   587 | D:2      | Reached skill level 1 in Invocations
   587 | D:2      | Reached skill level 1 in Evocations
   587 | D:2      | Reached XP level 3. HP: 35/35 MP: 2/5
   587 | D:2      | Reached XP level 4. HP: 41/41 MP: 2/6
   587 | D:2      | Reached XP level 5. HP: 47/47 MP: 2/7
   634 | D:2      | Noticed Terence
   648 | D:2      | Killed Terence
   733 | D:2      | Found a runed translucent door.
   734 | D:2      | Noticed Crazy Yiuf
   750 | D:2      | HP: 2/70 [Crazy Yiuf/+3 quarterstaff of chaos (4)]
   750 | D:2      | Slain by Crazy Yiuf

Illustrated notes

Levels and vault maps discovered:
D:1:      roderic_dead_forest, layout_rooms
D:2:      wad_pebble_path, layout_basic, nemelex_altar_shiori, uniq_terence,
          uniq_crazy_yiuf_cottage, uniq_sigmund

Skill      XL: |  1  2 |
---------------+-------+-----
Short Blades   | 1 |  1.6
Long Blades    | 1 |  1.6
Maces & Flails | 1 |  1.6
Polearms       | 1 |  1.6
Staves         | 1 |  1.6
Slings         | 1 |  1.6
Bows           | 1 |  1.6
Crossbows      | 1 |  1.6
Throwing       | 1 |  1.6
Armour         | 1 |  1.6
Shields        | 1 |  1.6
Unarmed Combat | 1 |  1.6
Spellcasting   | 1 |  1.6
Conjurations   | 1 |  1.3
Hexes          | 1 |  1.3
Summonings     | 1 |  1.3
Necromancy     | 1 |  1.3
Translocations | 1 |  1.3
Transmutations | 1 |  1.3
Fire Magic     | 1 |  1.3
Ice Magic      | 1 |  1.3
Air Magic      | 1 |  1.3
Earth Magic    | 1 |  1.3
Poison Magic   | 1 |  1.3
Invocations    | 1 |  1.9
Evocations     | 1 |  1.6
Fighting       | |  6.7
Axes           | |  6.7
Dodging        | |  6.7
Stealth        | |  4.5

Action                   |  1- 3 |  4- 6 || total
-------------------------+-------+-------++-------
Melee: Hand axe          |    59 |    24 ||    83
       Bite              |     7 |     7 ||    14
  Use: Scroll            |     3 |       ||     3
       Potion            |     1 |       ||     1
 Stab: Sleeping          |     4 |     1 ||     5
Armor: Robe              |     7 |       ||     7
       Leather armour    |       |     2 ||     2
Dodge: Dodged            |    50 |    11 ||    61

Table legend: (Time is in decaauts)
 A = Elapsed time spent in this place.
 B = Non-inter-level travel time spent in this place.
 C = Inter-level travel time spent in this place.
 D = Time resting spent in this place.
 E = Time spent auto-exploring this place.
 F = Levels seen in this place.
 G = Mean time per level.
                   A        B        C        D        E       F      G
               +--------+--------+--------+--------+--------+-----+--------+
         Total |    759 |    704 |     55 |     48 |    459 |   2 |  379.5 |
       Dungeon |    759 |    704 |     55 |     48 |    459 |   2 |  379.5 |
               +--------+--------+--------+--------+--------+-----+--------+

Top non-repeatable levels by time:
     D:1: 630 daAuts
     D:2: 128 daAuts
